 Dungeon Crawl Stone Soup version 0.31-a0-819-gf6de2f5ab6 (webtiles) character file.

Game seed: 17611293434820697525

864 qw the Skirmisher (level 8, -2/48 HPs)
             Began as a Gargoyle Hunter on Sept 23, 2023.
             Was a Follower of Okawaru.
             Slain by a hornet (3 damage)
             ... on level 5 of the Dungeon.
             The game lasted 00:01:13 (3356 turns).

qw the Skirmisher (Gargoyle Hunter)                 Turns: 3356, Time: 00:01:13

Health: -2/48      AC: 15    Str: 14    XL:     8   Next: 3%
Magic:  9/10       EV: 13    Int: 11    God:    Okawaru [*.....]
Gold:   240        SH:  0    Dex: 15    Spells: 7/7 levels left

rFire   . . .        Y - +2 shortbow (freeze)
rCold   . . .        (shield currently unavailable)
rNeg    + . .        d - +0 ring mail
rPois   inf          g - +0 helmet
rElec   +            (no cloak)
rCorr   +            b - +1 pair of gloves
SInv    .            (no boots)
Will    +....        (no amulet)
Stlth   +++          e - ring of resist corrosion
HPRegen 0.28/turn    n - ring of willpower
MPRegen 0.12/turn

%: no passive effects
@: heroic
A: sickness immunity, AC +5, negative energy resistance 1, electricity
resistance, torment resistance 1, petrification resistance
a: Renounce Religion, Heroism


You were on level 5 of the Dungeon.
You worshipped Okawaru.
Okawaru was aware of your devotion.
You visited 1 branch of the dungeon, and saw 5 of its levels.

You collected 240 gold pieces.


Innate Abilities, Weirdness & Mutations

You are immune to sickness and miasma.
Your stone body is resilient. (AC +5)
You are immune to poison.
You resist negative energy. (rN+)
You are resistant to electric shocks. (rElec)
You are resistant to unholy torment.
You are immune to petrification.


   Skills:
 + Level 4.6(9.6) Fighting
 - Level 8.0(13.0) Ranged Weapons
 - Level 2.3(7.3) Armour
 - Level 1.5(6.5) Dodging
 - Level 1.1(6.1) Stealth
 + Level 3.1 Invocations


You had 7 spell levels left.
You didn't know any spells.
Your spell library was empty.

Inventory:

Hand Weapons
 Y - a +2 shortbow of freezing (weapon)
Armour
 b - a +1 pair of gloves (worn)
 d - a +0 ring mail (worn)
 g - a +0 helmet (worn)
Jewellery
 e - a ring of resist corrosion (left hand)
 f - a ring of resist corrosion
 n - a ring of willpower (right hand)
Scrolls
 a - a scroll of identify
Potions
 h - 3 potions of curing
 i - a potion of enlightenment
 l - a potion of resistance
 m - a potion of mutation

Dungeon Overview and Level Annotations

Branches:
Dungeon (5/15)             Temple (0/1) D:5

Altars:
Okawaru
Qazlal


Message History

You shoot an arrow.
The arrow hits the hornet but does no damage.
The hornet barely misses you.
You shoot an arrow. The arrow closely misses the hornet.
The hornet stings you! The hornet closely misses you.
You shoot an arrow.
The arrow hits the hornet but does no damage.
The hornet stings you!
3346 ||| INVOKING Heroism.
You gain the combat prowess of a mighty hero.
The hornet barely misses you. The hornet completely misses you.
You shoot an arrow. The arrow closely misses the hornet.
The hornet stings you!
You shoot an arrow. The arrow completely misses the hornet.
The hornet stings you but does no damage.
You shoot an arrow.
The arrow hits the hornet but does no damage.
The hornet barely misses you. x2
You shoot an arrow.
The arrow hits the hornet but does no damage.
The hornet stings you but does no damage.
You shoot an arrow. The arrow hits the hornet.
The arrow freezes the hornet.
The hornet is moderately wounded.
The hornet closely misses you.
You shoot an arrow. The arrow hits the hornet!
The arrow freezes the hornet.
The hornet is heavily wounded.
The hornet stings you!
You shoot an arrow. The arrow closely misses the hornet.
The hornet stings you.
The hornet stings you but does no damage.
You shoot an arrow. The arrow hits the hornet!
The arrow freezes the hornet.
The hornet is almost dead.
The hornet stings you!
You shoot an arrow.
The arrow hits the hornet but does no damage.
The hornet is almost dead.
The hornet misses you.
You shoot an arrow. The arrow misses the hornet.
The hornet misses you. The hornet stings you.
You die...

.##.#......... #.#
......#######. #.#
.####.### #.#
.#......# #.#
##......### #.#
#........# #.#
#......#.# #.#
#......#(# #.#
##......# # #@#
......###.....oy.#
.....## ####.####
.....# # ....[#
.....# .....# ###
.....# #... #.####
##..


You could see a hornet and an orc.

Vanquished Creatures
  Grinder (D:4)
  A black bear (D:4)
  An ice beast (D:5)
  A centaur (D:5)
  A scorpion (D:5)
  A gnoll bouda (D:5)
  2 hounds (D:5)
  3 iguanas
  An orc wizard (D:4)
  4 gnolls (D:5)
  4 adders (D:2)
  An ufetubus (D:5)
  2 dart slugs
  A worm (D:3)
  3 orcs (D:4)
  2 endoplasms
  6 giant cockroaches
  10 goblins
  3 hobgoblins
  2 jackals (D:2)
  2 quokkas
  6 ball pythons
  4 bats
  A frilled lizard (D:2)
  3 kobolds
  4 rats
70 creatures vanquished.

Notes
Turn   | Place    | Note
-------+----------+-------------------------------------------
     0 | D:1      | qw the Gargoyle Hunter began the quest for the Orb.
     0 | D:1      | Reached XP level 1. HP: 12/12 MP: 1/1
     0 | D:1      | 0 ||| qw: Version: 0.3-a-83-gcd0e7d8
     0 | D:1      | 0 ||| qw: Game counter: 1529
     0 | D:1      | 0 ||| qw: Melee chars always use a shield: true
     0 | D:1      | 0 ||| qw: God list: Okawaru
     0 | D:1      | 0 ||| qw: Allow faded altars: false
     0 | D:1      | 0 ||| qw: Do Orc after clearing Dungeon:15 true
     0 | D:1      | 0 ||| qw: Do second Lair branch before Depths: true
     0 | D:1      | 0 ||| qw: Lair rune preference: random
     0 | D:1      | 0 ||| qw: Goals: Normal
     0 | D:1      | 0 ||| PLANNING D:1-11
   121 | D:1      | Reached XP level 2. HP: 17/17 MP: 2/2
   828 | D:1      | 828 ||| UPGRADING to +0 helmet.
   833 | D:1      | 833 ||| UPGRADING to ring of resist corrosion.
   834 | D:1      | 834 ||| READING 2 scrolls labelled AHIJEI MIRIFF.
   835 | D:1      | 835 ||| READING scroll labelled TEES QAGIEGOE.
   836 | D:1      | 836 ||| READING scroll labelled LIHIZA RI WEIM.
   837 | D:1      | 837 ||| DROPPING scroll of butterflies.
   939 | D:2      | Reached XP level 3. HP: 19/21 MP: 3/3
   994 | D:2      | Reached skill level 5 in Ranged Weapons
  1113 | D:2      | Reached skill level 3 in Fighting
  1114 | D:2      | Reached XP level 4. HP: 25/28 MP: 4/4
  1353 | D:2      | 1353 ||| UPGRADING to +0 ring mail.
  1363 | D:2      | 1363 ||| DROPPING +0 leather armour.
  1364 | D:2      | 1364 ||| READING scroll labelled KEBIHU SALAYZ.
  1365 | D:2      | 1365 ||| READING scroll labelled VIVYKEITAU.
  1366 | D:2      | 1366 ||| DRINKING 3 orange potions.
  1703 | D:3      | Reached skill level 1 in Armour
  2078 | D:3      | Found an iron altar of Okawaru.
  2078 | D:3      | Found a stormy altar of Qazlal.
  2079 | D:3      | 2079 ||| PLANNING OKAWARU WORSHIP
  2079 | D:3      | 2079 ||| UPGRADING to +1 pair of gloves.
  2084 | D:3      | 2084 ||| UPGRADING to ring of willpower.
  2085 | D:3      | 2085 ||| READING scroll labelled QOMMI BOBEHI.
  2086 | D:3      | 2086 ||| READING scroll labelled QUOMEO IXZO.
  2087 | D:3      | 2087 ||| READING scroll labelled WYATOCR DEPLUY.
  2090 | D:3      | 2090 ||| READING 4 scrolls of identify.
  2090 | D:3      | 2090 ||| IDENTIFYING red potion
  2091 | D:3      | 2091 ||| READING 3 scrolls of identify.
  2091 | D:3      | 2091 ||| IDENTIFYING fuming orange potion
  2092 | D:3      | 2092 ||| READING 2 scrolls of identify.
  2092 | D:3      | 2092 ||| IDENTIFYING fizzy sapphire potion
  2096 | D:3      | Became a worshipper of Warmaster Okawaru
  2097 | D:3      | 2097 ||| PLANNING D:1-11
  2310 | D:4      | Reached XP level 5. HP: 32/32 MP: 5/5
  2368 | D:4      | Noticed Grinder
  2393 | D:4      | Killed Grinder
  2394 | D:4      | Reached skill level 7 in Ranged Weapons
  2394 | D:4      | Reached XP level 6. HP: 32/37 MP: 6/6
  2433 | D:4      | Noticed a black bear
  2443 | D:4      | Killed a black bear
  2581 | D:4      | Reached XP level 7. HP: 43/43 MP: 7/7
  2629 | D:4      | 2629 ||| READING scroll of enchant weapon.
  2629 | D:4      | 2629 ||| ENCHANTING +1 shortbow of freezing.
  2727 | D:4      | 2727 ||| READING 2 scrolls of identify.
  2727 | D:4      | 2727 ||| IDENTIFYING sedimented black potion
  2728 | D:4      | 2728 ||| DROPPING potion of attraction.
  2733 | D:5      | Entered Level 5 of the Dungeon
  2751 | D:5      | HP: 3/43 [centaur/arrow (9)]
  2753 | D:5      | Reached * piety under Okawaru
  2941 | D:5      | Found a staircase to the Ecumenical Temple.
  2947 | D:5      | Identified the +11 dagger of Infinity {heavy, Str+2}
  2960 | D:5      | Reached skill level 1 in Invocations
  3189 | D:5      | 3189 ||| Stepping ~*~*~tactically~*~*~ (retreating).
  3196 | D:5      | 3196 ||| Stepping ~*~*~tactically~*~*~ (retreating).
  3203 | D:5      | Reached skill level 8 in Ranged Weapons
  3203 | D:5      | 3203 ||| INVOKING Heroism.
  3211 | D:5      | Reached skill level 3 in Invocations
  3310 | D:5      | Reached XP level 8. HP: 46/48 MP: 10/10
  3341 | D:5      | Noticed a hornet
  3346 | D:5      | 3346 ||| INVOKING Heroism.
  3353 | D:5      | HP: 10/48 [hornet (4)]
  3354 | D:5      | HP: 1/48 [hornet (10)]
  3356 | D:5      | Slain by a hornet

Levels and vault maps discovered:
D:1:      dpeg_arrival_arbitrary_a, layout_basic, minmay_misc_feat_plants
D:2:      layout_rooms, serial_bayou_crossing
D:3:      layout_basic, nicolae_overflow_two_pavilions, minmay_strange_pillars,
          chequers_serial_rivers_large_a, kennysheep_generic_room_4
D:4:      layout_basic, nrook_mini_backslash, uniq_grinder
D:5:      layout_basic, minmay_temple_entry_butterflies

Skill      XL: |  1  2  3  4  5  6  7 |
---------------+----------------------+-----
Ranged Weapons | 5 7 8 |  8.0
Fighting       | 3 4 |  4.6
Armour         | 1 2 |  2.3
Invocations    | 3 |  3.1
Dodging        | |  1.5
Stealth        | |  1.1

Action                     |  1- 3 |  4- 6 |  7- 9 || total
---------------------------+-------+-------+-------++-------
   Fire: Shortbow          |    97 |    89 |    91 ||   277
 Invoke: Heroism           |       |       |     2 ||     2
    Use: Scroll            |     3 |     8 |     2 ||    13
         Potion            |       |     1 |       ||     1
 Armour: Leather armour    |    13 |     1 |       ||    14
         Ring mail         |       |    27 |    37 ||    64
  Dodge: Dodged            |    16 |    19 |    30 ||    65

Table legend:
 A = Non-vault XP
 B = Vault XP
 C = Vault XP percentage of total XP
 D = Non-vault monster count
 E = Vault monster count
 F = Vault count percentage of total count
                 A         B        C        D         E       F
            +---------+---------+-------+---------+---------+-------
      Total |     943 |     292 |  23.6 |      68 |       2 |   2.9
            +---------+---------+-------+---------+---------+-------
        D:1 |      20 |       0 |   0.0 |      11 |       0 |   0.0
        D:2 |      80 |       0 |   0.0 |      20 |       0 |   0.0
        D:3 |      61 |       2 |   3.2 |      14 |       1 |   6.7
        D:4 |     184 |     290 |  61.2 |       9 |       1 |  10.0
        D:5 |     598 |       0 |   0.0 |      14 |       0 |   0.0
            +---------+---------+-------+---------+---------+-------
